Dernière mise à jour: 2025-12-07 16:11:59
% Time on Ice - TEXAS TOROS
Lines # - Real PCT - Wanted PCT - Time Play
Normal Forward
1 - 37% - 41% - 17:49
2 - 28% - 31% - 13:28
3 - 20% - 20% - 9:24
4 - 15% - 8% - 7:24
Normal Defense
1 - 36% - 40% - 17:13
2 - 30% - 30% - 14:34
3 - 31% - 20% - 15:02
4 - 3% - 10% - 1:16
PP Forward
1 - 65% - 55% - 2:35
2 - 35% - 45% - 1:23
PP Defense
1 - 43% - 55% - 1:42
2 - 57% - 45% - 2:16
PK Forward
1 - 56% - 55% - 3:19
2 - 44% - 45% - 2:39
PK Defense
1 - 19% - 55% - 1:07
2 - 81% - 45% - 4:51
PK3 Forward
1 - 0% - 55%
2 - 0% - 45%
PK3 Defense
1 - 0% - 55%
2 - 0% - 45%
44 Forward
1 - 66% - 55% - 1:19
2 - 34% - 45% - 0:40
44 Defense
1 - 66% - 55% - 1:19
2 - 34% - 45% - 0:40
Last Minute Offensive  - 0:00
Last Minute Defensive  - 0:00
Total
Forward - 60:00
Defense - 60:00
% Time on Ice - CALGARY FIREMEN
Lines # - Real PCT - Wanted PCT - Time Play
Normal Forward
1 - 34% - 36% - 16:31
2 - 30% - 31% - 14:12
3 - 23% - 23% - 10:54
4 - 13% - 10% - 6:28
Normal Defense
1 - 34% - 36% - 16:32
2 - 28% - 31% - 13:25
3 - 22% - 23% - 10:33
4 - 16% - 10% - 7:35
PP Forward
1 - 52% - 55% - 3:05
2 - 48% - 45% - 2:53
PP Defense
1 - 52% - 55% - 3:05
2 - 48% - 45% - 2:53
PK Forward
1 - 49% - 55% - 1:56
2 - 51% - 45% - 2:02
PK Defense
1 - 48% - 55% - 1:55
2 - 52% - 45% - 2:03
PK3 Forward
1 - 0% - 55%
2 - 0% - 45%
PK3 Defense
1 - 0% - 55%
2 - 0% - 45%
44 Forward
1 - 75% - 55% - 1:29
2 - 25% - 45% - 0:30
44 Defense
1 - 54% - 55% - 1:04
2 - 46% - 45% - 0:55
Last Minute Offensive  - 0:00
Last Minute Defensive  - 0:00
Total
Forward - 60:00
Defense - 60:00
Play-by-Play 1st period 0:01 of 1st period - Andrew Copp wins face-off versus Logan Cooley in neutral zone. 0:18 of 1st period - Shot by Jared Spurgeon. 0:18 of 1st period - Stopped by Adin Hill without a rebound. 0:19 of 1st period - Ryan Poehling wins face-off versus Cody Glass in TEXAS TOROS zone. 0:32 of 1st period - Shot by Tyson Foerster. 0:32 of 1st period - Shot Misses the Net. 0:54 of 1st period - Shot by Yegor Chinakhov. 0:54 of 1st period - Stopped by Samuel Ersson without a rebound. 0:55 of 1st period - Ryan Johansen wins face-off versus Danton Heinen in CALGARY FIREMEN zone. 2:14 of 1st period - Shot by Logan Cooley. 2:14 of 1st period - Stopped by Samuel Ersson without a rebound. 2:15 of 1st period - Kevin Hayes wins face-off versus Brett Howden in CALGARY FIREMEN zone. 2:21 of 1st period - Kevin Hayes is hit by Gustav Lindstrom and loses puck. 3:27 of 1st period - Shot by Michael McCarron. 3:27 of 1st period - Shot Misses the Net. 3:29 of 1st period - Shot by Jack Drury. 3:29 of 1st period - Stopped by Adin Hill without a rebound. 3:30 of 1st period - Andrew Copp wins face-off versus Logan Cooley in TEXAS TOROS zone. 4:01 of 1st period - Shot by Troy Terry. 4:01 of 1st period - Stopped by Samuel Ersson without a rebound. 4:02 of 1st period - Ryan Poehling wins face-off versus Cody Glass in CALGARY FIREMEN zone. 4:21 of 1st period - Ryan Poehling is hit by Jared Spurgeon and loses puck. 4:39 of 1st period - Tyson Foerster is hit by Jared Spurgeon and loses puck. 4:42 of 1st period - Shot by Yegor Chinakhov. 4:42 of 1st period - Shot Misses the Net. 4:44 of 1st period - Shot by Tyson Foerster. 4:44 of 1st period - Deflect By Yegor Chinakhov. 4:44 of 1st period - Shot Misses the Net. 5:19 of 1st period - Shot by Logan Cooley. 5:19 of 1st period - Stopped by Samuel Ersson without a rebound. 5:20 of 1st period - Danton Heinen wins face-off versus Ryan Johansen in CALGARY FIREMEN zone. 5:38 of 1st period - Shot by Danton Heinen. 5:38 of 1st period - Stopped by Samuel Ersson without a rebound. 5:39 of 1st period - Andrew Copp wins face-off versus Logan Cooley in CALGARY FIREMEN zone. 5:44 of 1st period - Shot by Tyler Johnson. 5:44 of 1st period - Shot Blocked by Owen Power. 6:08 of 1st period - Icing by Owen Power. 6:09 of 1st period - Ryan Johansen wins face-off versus Logan Cooley in TEXAS TOROS zone. 6:30 of 1st period - Troy Terry is hit by Gustav Lindstrom and loses puck. 6:43 of 1st period - Shot by Ryan Johansen. 6:43 of 1st period - Shot Misses the Net. 6:52 of 1st period - Yegor Chinakhov is hit by Gustav Lindstrom and loses puck. 7:06 of 1st period - Tyson Foerster is hit by Gustav Lindstrom and loses puck. 7:10 of 1st period - Ryan Poehling is hit by Jared Spurgeon and loses puck. 7:15 of 1st period - Shot by Yegor Chinakhov. 7:15 of 1st period - Goal by Yegor Chinakhov - TEXAS TOROS : 1 - CALGARY FIREMEN : 0. 7:16 of 1st period - Andrew Copp wins face-off versus Bobby Brink in neutral zone. 7:24 of 1st period - Shot by Calle Jarnkrok. 7:24 of 1st period - Stopped by Adin Hill without a rebound. 7:25 of 1st period - Danton Heinen wins face-off versus Andrew Copp in TEXAS TOROS zone. 7:25 of 1st period - Danton Heinen is hit by Andrew Copp. 7:34 of 1st period - Miles Wood is hit by Ryan Graves and loses puck. 7:49 of 1st period - Shot by Tyler Johnson. 7:49 of 1st period - Stopped by Adin Hill without a rebound. 7:50 of 1st period - Cody Glass wins face-off versus Logan Cooley in TEXAS TOROS zone. 8:01 of 1st period - Shot by Michael McCarron. 8:01 of 1st period - Deflect By Cody Glass. 8:01 of 1st period - Stopped by Adin Hill without a rebound. 8:02 of 1st period - Brett Howden wins face-off versus Ryan Poehling in TEXAS TOROS zone. 8:02 of 1st period - Brett Howden is hit by Declan Chisholm. 8:22 of 1st period - Shot by Ryan Poehling. 8:22 of 1st period - Stopped by Samuel Ersson without a rebound. 8:23 of 1st period - Logan Cooley wins face-off versus Andrew Copp in CALGARY FIREMEN zone. 8:27 of 1st period - Icing by Gustav Lindstrom. 8:28 of 1st period - Logan Cooley wins face-off versus Andrew Copp in CALGARY FIREMEN zone. 8:58 of 1st period - Shot by Logan Cooley. 8:58 of 1st period - Stopped by Samuel Ersson without a rebound. 8:59 of 1st period - Cody Glass wins face-off versus Ryan Poehling in CALGARY FIREMEN zone. 9:21 of 1st period - Minor Penalty to Michael McCarron for High sticking. 9:22 of 1st period - Ryan Johansen wins face-off versus Troy Terry in CALGARY FIREMEN zone. 9:41 of 1st period - Shot by Owen Power. 9:41 of 1st period - Stopped by Samuel Ersson without a rebound. 9:42 of 1st period - Danton Heinen wins face-off versus Tyler Johnson in CALGARY FIREMEN zone. 9:42 of 1st period - Philip Broberg is hit by Rasmus Sandin and loses puck. 10:05 of 1st period - Shot by Yegor Chinakhov. 10:05 of 1st period - Stopped by Samuel Ersson with a rebound. 10:23 of 1st period - Shot by Yegor Chinakhov. 10:23 of 1st period - Stopped by Samuel Ersson without a rebound. 10:24 of 1st period - Tyler Johnson wins face-off versus Logan Cooley in CALGARY FIREMEN zone. 10:24 of 1st period - Tyler Johnson is hit by Ryan Poehling. 10:36 of 1st period - Shot by Ryan Poehling. 10:36 of 1st period - Deflect By Troy Terry. 10:36 of 1st period - Shot Misses the Net. 10:46 of 1st period - Ryan Poehling is hit by Ryan Johansen and loses puck. 11:03 of 1st period - Shot by Calle Jarnkrok. 11:03 of 1st period - Stopped by Adin Hill with a rebound. 11:24 of 1st period - Kevin Hayes is hit by Brett Howden and loses puck. 11:43 of 1st period - Shot by Brett Howden. 11:43 of 1st period - Shot Misses the Net. 11:49 of 1st period - Shot by Brett Howden. 11:49 of 1st period - Stopped by Adin Hill with a rebound. 11:51 of 1st period - Shot by Mason Marchment. 11:51 of 1st period - Shot Misses the Net. 12:37 of 1st period - Shot by Logan Stankoven. 12:37 of 1st period - Stopped by Adin Hill without a rebound. 12:38 of 1st period - Andrew Copp wins face-off versus Logan Cooley in TEXAS TOROS zone. 12:57 of 1st period - Shot by Logan Cooley. 12:57 of 1st period - Shot Misses the Net. 12:59 of 1st period - Shot by Logan Cooley. 12:59 of 1st period - Stopped by Samuel Ersson without a rebound. 13:00 of 1st period - Cody Glass wins face-off versus Ryan Poehling in CALGARY FIREMEN zone. 13:20 of 1st period - Ryan Poehling is hit by Rasmus Sandin and loses puck. 14:21 of 1st period - Shot by Taylor Raddysh. 14:21 of 1st period - Shot Misses the Net. 14:23 of 1st period - Shot by Taylor Raddysh. 14:23 of 1st period - Stopped by Samuel Ersson without a rebound. 14:24 of 1st period - Ryan Johansen wins face-off versus Miles Wood in CALGARY FIREMEN zone. 15:27 of 1st period - Minor Penalty to Jared Spurgeon for High sticking. 15:28 of 1st period - Tyler Johnson wins face-off versus Logan Cooley in CALGARY FIREMEN zone. 15:41 of 1st period - Shot by Troy Terry. 15:41 of 1st period - Stopped by Samuel Ersson without a rebound. 15:42 of 1st period - Danton Heinen wins face-off versus Tyler Johnson in CALGARY FIREMEN zone. 16:00 of 1st period - Rasmus Sandin is hit by Tyson Foerster and loses puck. 16:07 of 1st period - Shot by Tyson Foerster. 16:07 of 1st period - Stopped by Samuel Ersson without a rebound. 16:08 of 1st period - Ryan Johansen wins face-off versus Logan Cooley in CALGARY FIREMEN zone. 17:29 of 1st period - Shot by Danton Heinen. 17:29 of 1st period - Shot Misses the Net. 17:33 of 1st period - Shot by William Smith. 17:33 of 1st period - Deflect By Kevin Hayes. 17:33 of 1st period - Shot Misses the Net. 18:05 of 1st period - Shot by Trevor Zegras. 18:05 of 1st period - Shot Misses the Net. 18:07 of 1st period - Shot by William Smith. 18:07 of 1st period - Deflect By Trevor Zegras. 18:07 of 1st period - Stopped by Samuel Ersson without a rebound. 18:08 of 1st period - Andrew Copp wins face-off versus Danton Heinen in CALGARY FIREMEN zone. 18:38 of 1st period - Minor Penalty to Ryan Graves for Hooking. 18:38 of 1st period - Minor Penalty to Miles Wood for Hooking. 18:39 of 1st period - Logan Cooley wins face-off versus Cody Glass in CALGARY FIREMEN zone. 18:42 of 1st period - Shot by Danton Heinen. 18:42 of 1st period - Goal by Danton Heinen - TEXAS TOROS : 2 - CALGARY FIREMEN : 0. 18:43 of 1st period - Logan Cooley wins face-off versus Ryan Johansen in neutral zone. 18:59 of 1st period - Shot by Danton Heinen. 18:59 of 1st period - Shot Misses the Net. 19:13 of 1st period - Shot by Logan Cooley. 19:13 of 1st period - Shot Blocked by Martin Fehervary. 19:15 of 1st period - Shot by Logan Cooley. 19:15 of 1st period - Shot Misses the Net. 19:32 of 1st period - Icing by Declan Chisholm. 19:33 of 1st period - Tyler Johnson wins face-off versus Ryan Poehling in TEXAS TOROS zone. 19:34 of 1st period - Shot by Rasmus Sandin. 19:34 of 1st period - Deflect By Tyler Johnson. 19:34 of 1st period - Shot Misses the Net. 19:50 of 1st period - Shot by Troy Terry. 19:50 of 1st period - Shot Misses the Net. Goals for this period are 2 for TEXAS TOROS vs 0 for CALGARY FIREMEN. Shots for this period are 17 for TEXAS TOROS vs 8 for CALGARY FIREMEN. 2nd period 0:01 of 2nd period - Ryan Johansen wins face-off versus Logan Cooley in neutral zone. 0:12 of 2nd period - Shot by Danton Heinen. 0:12 of 2nd period - Stopped by Samuel Ersson without a rebound. 0:13 of 2nd period - Ryan Johansen wins face-off versus Logan Cooley in CALGARY FIREMEN zone. 0:15 of 2nd period - Icing by Rasmus Sandin. 0:16 of 2nd period - Ryan Johansen wins face-off versus Logan Cooley in CALGARY FIREMEN zone. 0:46 of 2nd period - Yegor Chinakhov is hit by Gustav Lindstrom and loses puck. 0:52 of 2nd period - Ryan Poehling is hit by Gustav Lindstrom and loses puck. 0:59 of 2nd period - Shot by Ryan Poehling. 0:59 of 2nd period - Shot Misses the Net. 1:01 of 2nd period - Shot by Ryan Poehling. 1:01 of 2nd period - Stopped by Samuel Ersson without a rebound. 1:02 of 2nd period - Cody Glass wins face-off versus Logan Cooley in CALGARY FIREMEN zone. 1:17 of 2nd period - Shot by Michael McCarron. 1:17 of 2nd period - Stopped by Adin Hill without a rebound. 1:18 of 2nd period - Calle Jarnkrok wins face-off versus Ryan Poehling in TEXAS TOROS zone. 1:27 of 2nd period - Shot by Calle Jarnkrok. 1:27 of 2nd period - Stopped by Adin Hill without a rebound. 1:28 of 2nd period - Cody Glass wins face-off versus Logan Cooley in TEXAS TOROS zone. 1:35 of 2nd period - Shot by Troy Terry. 1:35 of 2nd period - Stopped by Samuel Ersson without a rebound. 1:36 of 2nd period - Logan Cooley wins face-off versus Cody Glass in CALGARY FIREMEN zone. 1:37 of 2nd period - Shot by Troy Terry. 1:37 of 2nd period - Shot Blocked by Jared Spurgeon. 1:39 of 2nd period - Shot by Declan Chisholm. 1:39 of 2nd period - Shot Misses the Net. 1:41 of 2nd period - Shot by Logan Cooley. 1:41 of 2nd period - Deflect By Troy Terry. 1:41 of 2nd period - Shot Misses the Net. 1:43 of 2nd period - Shot by Troy Terry. 1:43 of 2nd period - St